[ PARTIDA AOE2 · #478611302 ]
Team RMJemeres vs Huns
[ ANÁLISIS DE REPETICIÓN · EXTRAÍDO DE LA PARTIDA GRABADA ]
Feudal
17:36
Castillos
31:42
Imperial
—
| APM promedio | 12.2 |
| APM pico | 47 |
| eAPM promedio | 5.8 |
| Aldeanos / militares | 42 / 12 |
Foco
⚔️ 30.9% · 🌾 69.1%
Spearman ×7 · Archer ×5 · Trade Cart ×3
Feudal
22:19
Castillos
34:18
Imperial
—
| APM promedio | 16.7 |
| APM pico | 41 |
| eAPM promedio | 8.0 |
| Aldeanos / militares | 83 / 10 |
Foco
⚔️ 18.3% · 🌾 81.7%
Ghulam ×5 · Skirmisher ×3 · Trade Cart ×2 · Archer ×2
Feudal
18:09
Castillos
25:52
Imperial
36:04
| APM promedio | 19.5 |
| APM pico | 43 |
| eAPM promedio | 12.4 |
| Aldeanos / militares | 63 / 52 |
Foco
⚔️ 20.3% · 🌾 79.7%
Gbeto ×52
Feudal
14:15
Castillos
19:55
Imperial
36:02
| APM promedio | 8.6 |
| APM pico | 27 |
| eAPM promedio | 6.4 |
| Aldeanos / militares | 63 / 14 |
Foco
⚔️ 9.7% · 🌾 90.3%
Huskarl ×8 · Spearman ×5 · Monk ×1
Feudal
12:28
Castillos
22:10
Imperial
42:20
| APM promedio | 15.6 |
| APM pico | 35 |
| eAPM promedio | 11.5 |
| Aldeanos / militares | 126 / 124 |
Foco
⚔️ 22.5% · 🌾 77.5%
Tarkan ×115 · Trade Cart ×18 · Petard ×7 · Spearman ×1 · Monk ×1
Feudal
15:33
Castillos
27:02
Imperial
—
| APM promedio | 17.8 |
| APM pico | 36 |
| eAPM promedio | 10.6 |
| Aldeanos / militares | 64 / 27 |
Foco
⚔️ 15.1% · 🌾 84.9%
Militia ×12 · Spearman ×10 · War Elephant ×5 · Trade Cart ×3
Feudal
15:40
Castillos
22:06
Imperial
35:11
| APM promedio | 18.4 |
| APM pico | 38 |
| eAPM promedio | 13.8 |
| Aldeanos / militares | 146 / 75 |
Foco
⚔️ 20.7% · 🌾 79.3%
Scout Cavalry ×65 · Trebuchet (Packed) ×6 · Trade Cart ×5 · Ballista Elephant ×1 · Mangonel ×1 · Monk ×1
Feudal
15:28
Castillos
21:20
Imperial
34:23
| APM promedio | 36.3 |
| APM pico | 67 |
| eAPM promedio | 20.0 |
| Aldeanos / militares | 121 / 38 |
Foco
⚔️ 18.5% · 🌾 81.5%
Knight ×27 · Militia ×10 · Trade Cart ×3 · Monk ×1
Mapa de la partida
Recursos iniciales + cada clic de construcción. Líneas = muros · curvas = relieve. ◆ oro · ⬟ piedra · ● bayas · ✦ reliquia · ◌ hueco del cierre
Tu base· ✓ Cerrada en 31:42 · 82t muro · 4 puerta(s)
Base de WallDestroyer· ✓ Cerrada en 34:18 · 13t muro · sin puerta
Base de Bussies· ✓ Cerrada en 25:52 · 38t muro · frágil
Base de Chakal09· ✓ Cerrada en 19:55 · 0t muro · sin puerta
Base de P_Larker· ✓ Cerrada en 22:10 · 37t muro · 2 puerta(s)
Base de azzyagibasan· ✓ Cerrada en 27:02 · 60t muro · sin puerta
Base de Jx· ✓ Cerrada en 22:06 · 22t muro · 3 puerta(s) · frágil
Base de DenaZ· ✓ Cerrada en 21:20 · 8t muro · frágil
Terreno inicial suavizado · ◌ = hueco del cierre detectado · pasá el cursor para detalles
Inputs por minuto
— Kanye Best - - WallDestroyer
Build order — Kanye Best
135 acciones detectadas en el replay
| 0:13 | Investigar | Loom |
| 0:14 | Crear | Villager (Male) ×4 |
| 0:16 | Construir | House |
| 0:18 | Construir | House |
| 0:19 | Construir | House |
| 0:22 | Construir | House |
| 2:28 | Construir | Palisade Wall |
| 2:31 | Construir | Palisade Wall |
| 3:23 | Construir | Palisade Wall |
| 4:31 | Crear | Villager (Male) |
| 4:32 | Crear | Villager (Male) |
| 4:32 | Crear | Villager (Male) |
| 4:32 | Crear | Villager (Male) |
| 4:33 | Crear | Villager (Male) |
| 4:46 | Construir | Palisade Wall |
| 5:16 | Crear | Villager (Male) ×2 |
| 5:56 | Crear | Villager (Male) |
| 6:52 | Crear | Villager (Male) ×3 |
| 7:18 | Crear | Villager (Male) |
| 7:46 | Construir | Palisade Wall |
| 7:51 | Construir | Palisade Wall |
| 8:15 | Crear | Villager (Male) ×2 |
| 9:37 | Construir | Palisade Wall |
| 9:41 | Construir | Palisade Wall |
| 9:43 | Construir | Palisade Wall |
| 9:48 | Construir | Palisade Wall |
| 9:50 | Construir | Palisade Wall |
| 9:55 | Construir | Palisade Wall |
| 10:52 | Crear | Villager (Male) |
| 10:52 | Crear | Villager (Male) |
| 10:53 | Crear | Villager (Male) |
| 10:54 | Crear | Villager (Male) |
| 11:14 | Construir | Mill |
| 11:36 | Construir | Palisade Wall |
| 12:14 | Construir | House |
| 12:15 | Construir | House |
| 12:16 | Construir | House |
| 12:17 | Construir | House |
| 12:52 | Construir | Palisade Wall |
| 13:09 | Construir | Palisade Wall |
| 13:20 | Construir | Palisade Gate |
| 13:50 | Construir | Lumber Camp |
| 13:55 | Crear | Villager (Male) |
| 14:17 | Construir | Palisade Wall |
| 14:23 | Construir | Palisade Wall |
| 14:45 | Construir | Palisade Wall |
| 15:01 | Crear | Villager (Male) |
| 15:23 | Investigar | Feudal Age |
| 15:32 | Crear | Villager (Male) |
| 16:02 | Construir | Mill |
| 16:31 | Construir | Barracks |
| 17:36 | Edad | Edad Feudal |
| 17:47 | Construir | Watch Tower |
| 17:49 | Crear | Spearman |
| 17:50 | Crear | Spearman |
| 18:07 | Crear | Villager (Male) |
| 18:07 | Crear | Villager (Male) |
| 18:10 | Construir | Mining Camp |
| 18:13 | Investigar | Double-Bit Axe |
| 18:23 | Crear | Spearman |
| 18:38 | Construir | Archery Range |
| 18:57 | Crear | Villager (Male) |
| 19:39 | Crear | Spearman |
| 20:51 | Construir | Mill |
| 20:52 | Crear | Villager (Male) |
| 20:53 | Crear | Villager (Male) |
| 20:55 | Crear | Villager (Male) |
| 21:03 | Crear | Archer |
| 21:04 | Crear | Archer |
| 21:06 | Crear | Archer |
| 21:55 | Construir | Stone Wall |
| 22:18 | Crear | Archer |
| 22:20 | Crear | Spearman |
| 22:22 | Investigar | Arson |
| 22:30 | Crear | Villager (Male) |
| 22:30 | Crear | Villager (Male) |
| 22:47 | Crear | Spearman |
| 22:54 | Crear | Archer |
| 23:15 | Construir | Mining Camp |
| 23:16 | Crear | Villager (Male) |
| 23:17 | Crear | Villager (Male) |
| 23:19 | Investigar | Stone Mining |
| 23:25 | Construir | House |
| 23:26 | Construir | House |
| 23:28 | Construir | House |
| 23:29 | Construir | House |
| 23:31 | Construir | House |
| 23:42 | Construir | Stable |
| 23:52 | Crear | Spearman |
| 24:25 | Construir | Gate |
| 24:45 | Construir | Farm |
| 24:46 | Construir | Farm |
| 24:48 | Construir | Farm |
| 24:49 | Construir | Farm |
| 24:52 | Investigar | Horse Collar |
| 24:56 | Crear | Villager (Male) |
| 24:56 | Crear | Villager (Male) |
| 25:04 | Investigar | Gold Mining |
| 25:46 | Construir | Market |
| 26:02 | Construir | Stone Wall |
| 26:04 | Construir | Gate |
| 26:21 | Construir | Stone Wall |
| 26:30 | Crear | Villager (Male) |
| 26:35 | Construir | Blacksmith |
| 27:13 | Construir | Farm |
| 27:19 | Construir | Farm |
| 27:20 | Construir | Farm |
| 27:21 | Construir | Farm |
| 27:22 | Construir | Farm |
| 27:24 | Construir | Farm |
| 27:25 | Construir | Farm |
| 27:38 | Construir | Farm |
| 27:40 | Construir | Farm |
| 27:41 | Construir | Farm |
| 28:46 | Construir | Stone Wall |
| 28:48 | Construir | Gate |
| 29:02 | Investigar | Castle Age |
| 29:04 | Crear | Villager (Male) |
| 30:20 | Investigar | Bloodlines |
| 30:26 | Investigar | Fletching |
| 30:34 | Crear | Trade Cart |
| 30:34 | Crear | Trade Cart |
| 31:12 | Construir | Stone Wall |
| 31:14 | Construir | Gate |
| 31:33 | Crear | Villager (Male) |
| 31:42 | Edad | Edad de los Castillos |
| 31:44 | Investigar | Heavy Plow |
| 31:47 | Investigar | Bow Saw |
| 31:58 | Crear | Villager (Male) |
| 32:04 | Construir | Castle |
| 32:12 | Investigar | Crossbowman (upgrade) |
| 32:45 | Investigar | Pikeman (upgrade) |
| 32:48 | Crear | Villager (Male) |
| 32:57 | Investigar | Caravan |
| 32:58 | Crear | Trade Cart |
Build order — WallDestroyer
137 acciones detectadas en el replay
| 0:05 | Crear | Villager (Male) ×4 |
| 0:11 | Construir | House |
| 0:15 | Construir | House |
| 0:17 | Construir | House |
| 1:59 | Construir | Palisade Gate |
| 3:28 | Construir | Palisade Wall |
| 3:40 | Construir | House |
| 4:16 | Construir | House |
| 4:31 | Investigar | Loom |
| 4:31 | Crear | Villager (Male) |
| 4:32 | Crear | Villager (Male) |
| 4:32 | Crear | Villager (Male) |
| 4:32 | Crear | Villager (Male) |
| 4:32 | Crear | Villager (Male) |
| 4:33 | Crear | Villager (Male) |
| 5:13 | Construir | Lumber Camp |
| 5:24 | Crear | Villager (Male) |
| 5:24 | Crear | Villager (Male) |
| 6:17 | Construir | House |
| 6:34 | Construir | Mining Camp |
| 9:58 | Construir | Palisade Wall |
| 10:41 | Construir | Mill |
| 11:27 | Construir | Mill |
| 11:32 | Construir | Farm |
| 11:33 | Construir | Farm |
| 11:35 | Construir | Farm |
| 11:36 | Construir | Farm |
| 11:38 | Construir | Farm |
| 14:41 | Crear | Villager (Male) ×5 |
| 14:41 | Crear | Villager (Male) ×5 |
| 14:41 | Crear | Villager (Male) ×5 |
| 14:42 | Crear | Villager (Male) ×5 |
| 15:18 | Construir | Palisade Wall |
| 15:46 | Crear | Villager (Male) |
| 15:47 | Crear | Villager (Male) |
| 15:47 | Crear | Villager (Male) |
| 16:03 | Construir | Outpost |
| 16:20 | Construir | Farm |
| 17:27 | Construir | Outpost |
| 18:07 | Construir | Farm |
| 18:08 | Construir | Farm |
| 18:09 | Construir | Farm |
| 18:11 | Construir | Farm |
| 20:09 | Investigar | Feudal Age |
| 20:11 | Crear | Villager (Male) |
| 20:11 | Crear | Villager (Male) |
| 20:58 | Construir | Lumber Camp |
| 22:11 | Crear | Villager (Male) ×5 |
| 22:11 | Crear | Villager (Male) ×5 |
| 22:11 | Crear | Villager (Male) |
| 22:19 | Edad | Edad Feudal |
| 22:33 | Investigar | Double-Bit Axe |
| 22:54 | Construir | Blacksmith |
| 23:07 | Construir | Barracks |
| 23:14 | Investigar | Town Watch |
| 23:33 | Investigar | Horse Collar |
| 23:51 | Construir | Mining Camp |
| 24:24 | Construir | Stable |
| 24:30 | Crear | Villager (Male) ×5 |
| 24:31 | Crear | Villager (Male) ×5 |
| 24:31 | Crear | Villager (Male) ×5 |
| 24:31 | Crear | Villager (Male) ×5 |
| 25:04 | Construir | Farm |
| 26:11 | Crear | Villager (Male) |
| 26:11 | Crear | Villager (Male) |
| 26:11 | Crear | Villager (Male) |
| 26:12 | Crear | Villager (Male) |
| 26:12 | Crear | Villager (Male) |
| 26:12 | Crear | Villager (Male) |
| 26:22 | Construir | Farm |
| 26:36 | Construir | Market |
| 26:43 | Construir | House |
| 26:47 | Construir | House |
| 26:48 | Construir | House |
| 26:50 | Construir | House |
| 26:51 | Construir | House |
| 26:52 | Construir | House |
| 26:54 | Construir | House |
| 26:55 | Construir | House |
| 26:56 | Construir | House |
| 26:58 | Construir | House |
| 26:59 | Construir | House |
| 27:01 | Construir | House |
| 27:03 | Construir | House |
| 27:32 | Construir | Farm |
| 27:36 | Crear | Villager (Male) |
| 27:36 | Crear | Villager (Male) |
| 27:37 | Crear | Villager (Male) |
| 27:37 | Crear | Villager (Male) |
| 27:37 | Crear | Villager (Male) |
| 27:49 | Construir | Farm |
| 27:58 | Investigar | Stone Mining |
| 28:15 | Construir | Farm |
| 28:33 | Construir | Farm |
| 28:53 | Construir | Farm |
| 28:59 | Construir | Farm |
| 29:07 | Crear | Trade Cart |
| 29:22 | Crear | Trade Cart |
| 30:11 | Construir | Farm |
| 30:18 | Construir | Farm |
| 30:24 | Construir | Farm |
| 30:35 | Construir | Farm |
| 31:04 | Construir | Farm |
| 31:25 | Construir | Farm |
| 31:38 | Investigar | Castle Age |
| 31:38 | Investigar | Castle Age |
| 32:13 | Construir | Archery Range |
| 32:15 | Construir | Archery Range |
| 32:18 | Construir | Archery Range |
| 32:27 | Construir | Archery Range |
| 32:41 | Construir | Lumber Camp |
| 33:00 | Investigar | Fletching |
| 33:01 | Investigar | Padded Archer Armor |
| 33:08 | Investigar | Forging |
| 33:45 | Construir | Stone Wall |
| 34:13 | Construir | Stone Wall |
| 34:18 | Edad | Edad de los Castillos |
| 35:52 | Construir | Mining Camp |
| 36:08 | Investigar | Bodkin Arrow |
| 36:09 | Investigar | Leather Archer Armor |
| 36:14 | Investigar | Stone Shaft Mining |
| 36:17 | Crear | Villager (Male) |
| 36:17 | Crear | Villager (Male) |
| 36:17 | Crear | Villager (Male) |
| 36:18 | Crear | Villager (Male) |
| 38:01 | Construir | Castle |
| 38:09 | Construir | Gate |
| 38:39 | Crear | Skirmisher |
| 38:39 | Crear | Skirmisher |
| 38:39 | Crear | Skirmisher |
| 38:43 | Crear | Archer |
| 38:43 | Crear | Archer |
| 39:16 | Crear | Ghulam |
| 39:16 | Crear | Ghulam |
| 39:17 | Crear | Ghulam |
| 39:17 | Crear | Ghulam |
| 39:51 | Crear | Ghulam |
Build order — Bussies
Primeras 150 de 177 acciones detectadas
| 0:03 | Crear | Villager (Male) |
| 0:05 | Construir | House |
| 0:07 | Construir | House |
| 0:09 | Crear | Villager (Male) |
| 0:10 | Crear | Villager (Male) |
| 0:10 | Crear | Villager (Male) |
| 0:24 | Investigar | Loom |
| 0:24 | Crear | Villager (Male) |
| 0:27 | Crear | Villager (Male) |
| 0:42 | Crear | Villager (Male) |
| 1:29 | Construir | Palisade Wall |
| 2:20 | Construir | Palisade Wall |
| 2:32 | Construir | Palisade Wall |
| 3:27 | Crear | Villager (Male) |
| 4:32 | Crear | Villager (Male) |
| 5:18 | Crear | Villager (Male) |
| 5:18 | Crear | Villager (Male) |
| 6:43 | Crear | Villager (Male) |
| 6:43 | Crear | Villager (Male) |
| 6:48 | Construir | House |
| 8:45 | Construir | Barracks |
| 8:50 | Crear | Villager (Male) |
| 8:50 | Crear | Villager (Male) |
| 8:50 | Crear | Villager (Male) |
| 9:36 | Crear | Villager (Male) |
| 10:12 | Construir | Mill |
| 10:35 | Construir | Lumber Camp |
| 10:39 | Crear | Villager (Male) |
| 11:24 | Construir | Mill |
| 12:05 | Construir | Mining Camp |
| 12:31 | Crear | Villager (Male) |
| 12:32 | Crear | Villager (Male) |
| 12:32 | Crear | Villager (Male) |
| 12:32 | Crear | Villager (Male) |
| 12:33 | Crear | Villager (Male) |
| 13:09 | Construir | House |
| 13:11 | Construir | House |
| 13:14 | Construir | House |
| 13:15 | Construir | House |
| 13:43 | Construir | Farm |
| 13:44 | Construir | Farm |
| 13:44 | Crear | Villager (Male) |
| 13:45 | Crear | Villager (Male) |
| 13:49 | Construir | Farm |
| 14:02 | Construir | House |
| 14:44 | Construir | Farm |
| 14:45 | Construir | Farm |
| 14:47 | Crear | Villager (Male) |
| 15:57 | Construir | Farm |
| 15:59 | Investigar | Feudal Age |
| 17:01 | Crear | Villager (Male) |
| 17:01 | Crear | Villager (Male) |
| 17:37 | Crear | Villager (Male) |
| 18:08 | Crear | Villager (Male) |
| 18:09 | Edad | Edad Feudal |
| 18:27 | Construir | Blacksmith |
| 18:30 | Investigar | Double-Bit Axe |
| 18:31 | Crear | Villager (Male) |
| 18:37 | Investigar | Horse Collar |
| 18:43 | Construir | Farm |
| 18:47 | Construir | Farm |
| 18:48 | Crear | Villager (Male) |
| 18:48 | Crear | Villager (Male) |
| 19:41 | Construir | Farm |
| 19:43 | Crear | Villager (Male) |
| 19:55 | Construir | Mining Camp |
| 20:36 | Crear | Villager (Male) |
| 20:42 | Construir | Farm |
| 20:43 | Crear | Villager (Male) |
| 20:43 | Crear | Villager (Male) |
| 21:06 | Investigar | Forging |
| 21:20 | Construir | Market |
| 21:46 | Construir | Stone Wall |
| 21:54 | Construir | Farm |
| 21:58 | Construir | Farm |
| 22:00 | Construir | Farm |
| 22:02 | Crear | Villager (Male) |
| 22:02 | Crear | Villager (Male) |
| 22:19 | Construir | House |
| 22:28 | Construir | Farm |
| 22:55 | Construir | Farm |
| 23:09 | Investigar | Castle Age |
| 23:17 | Construir | Farm |
| 23:53 | Crear | Villager (Male) |
| 23:58 | Crear | Villager (Male) |
| 24:29 | Construir | Farm |
| 24:42 | Construir | Farm |
| 24:55 | Construir | Stone Wall |
| 25:34 | Crear | Villager (Male) |
| 25:35 | Crear | Villager (Male) |
| 25:52 | Edad | Edad de los Castillos |
| 26:01 | Construir | Castle |
| 26:05 | Construir | Mining Camp |
| 26:16 | Crear | Villager (Male) |
| 26:38 | Construir | House |
| 26:40 | Construir | House |
| 26:53 | Crear | Villager (Male) |
| 26:53 | Crear | Villager (Male) |
| 27:03 | Investigar | Bow Saw |
| 27:41 | Construir | Town Center |
| 28:30 | Crear | Villager (Male) |
| 28:30 | Crear | Villager (Male) |
| 29:10 | Construir | House |
| 29:11 | Construir | House |
| 29:42 | Construir | House |
| 29:45 | Crear | Gbeto |
| 29:58 | Crear | Villager (Male) |
| 29:58 | Crear | Villager (Male) |
| 29:59 | Crear | Villager (Male) |
| 29:59 | Crear | Villager (Male) |
| 29:59 | Crear | Villager (Male) |
| 30:00 | Crear | Villager (Male) |
| 30:00 | Crear | Villager (Male) |
| 30:04 | Investigar | Wheelbarrow |
| 30:27 | Construir | Town Center |
| 30:54 | Crear | Gbeto |
| 31:11 | Construir | Farm |
| 31:19 | Construir | Farm |
| 31:21 | Crear | Villager (Male) |
| 31:21 | Crear | Villager (Male) |
| 31:46 | Investigar | Town Watch |
| 31:51 | Crear | Villager (Male) |
| 31:52 | Crear | Villager (Male) |
| 31:52 | Crear | Villager (Male) |
| 31:52 | Crear | Villager (Male) |
| 31:52 | Crear | Villager (Male) |
| 32:02 | Construir | House |
| 32:05 | Construir | House |
| 32:42 | Investigar | Imperial Age |
| 32:54 | Investigar | Iron Casting |
| 33:08 | Construir | Barracks |
| 33:13 | Construir | Mining Camp |
| 33:31 | Construir | Mining Camp |
| 33:42 | Crear | Gbeto |
| 34:14 | Crear | Gbeto |
| 34:15 | Crear | Gbeto |
| 34:26 | Investigar | Arson |
| 34:29 | Investigar | Squires |
| 34:35 | Investigar | Scale Mail Armor |
| 34:40 | Crear | Gbeto |
| 34:40 | Crear | Gbeto |
| 34:52 | Crear | Gbeto |
| 34:53 | Crear | Gbeto |
| 35:22 | Crear | Gbeto |
| 35:22 | Crear | Gbeto |
| 35:29 | Investigar | Chain Mail Armor |
| 35:32 | Crear | Gbeto |
| 35:33 | Crear | Gbeto |
| 35:39 | Crear | Gbeto |
| 35:39 | Crear | Gbeto |
Build order — Chakal09
Primeras 150 de 204 acciones detectadas
| 0:12 | Investigar | Loom |
| 0:13 | Crear | Villager (Male) |
| 0:13 | Crear | Villager (Male) |
| 0:13 | Crear | Villager (Male) |
| 0:14 | Crear | Villager (Male) |
| 0:14 | Crear | Villager (Male) |
| 0:29 | Construir | House |
| 1:53 | Construir | Lumber Camp |
| 2:14 | Construir | House |
| 2:16 | Construir | House |
| 3:51 | Crear | Villager (Male) |
| 4:01 | Construir | House |
| 4:39 | Crear | Villager (Male) |
| 4:39 | Crear | Villager (Male) |
| 5:12 | Crear | Villager (Male) |
| 5:39 | Construir | Mill |
| 5:49 | Crear | Villager (Male) |
| 6:16 | Crear | Villager (Male) |
| 6:17 | Crear | Villager (Male) |
| 7:38 | Crear | Villager (Male) |
| 8:12 | Crear | Villager (Male) |
| 8:25 | Crear | Villager (Male) |
| 8:56 | Crear | Villager (Male) |
| 9:27 | Crear | Villager (Male) |
| 9:28 | Crear | Villager (Male) |
| 9:29 | Crear | Villager (Male) |
| 11:36 | Construir | Mining Camp |
| 12:00 | Construir | Mining Camp |
| 12:05 | Investigar | Feudal Age |
| 13:30 | Construir | House |
| 13:31 | Construir | House |
| 13:33 | Construir | House |
| 13:34 | Construir | House |
| 13:36 | Construir | House |
| 13:37 | Construir | House |
| 14:15 | Edad | Edad Feudal |
| 14:36 | Construir | Market |
| 14:44 | Construir | Blacksmith |
| 15:13 | Crear | Villager (Male) |
| 15:14 | Crear | Villager (Male) |
| 15:51 | Crear | Villager (Male) |
| 16:29 | Construir | Barracks |
| 17:15 | Investigar | Castle Age |
| 19:20 | Investigar | Horse Collar |
| 19:24 | Investigar | Double-Bit Axe |
| 19:29 | Crear | Villager (Male) |
| 19:55 | Edad | Edad de los Castillos |
| 20:00 | Construir | Farm |
| 20:00 | Construir | Farm |
| 20:01 | Construir | Farm |
| 20:54 | Crear | Villager (Male) |
| 20:55 | Crear | Villager (Male) |
| 20:55 | Crear | Villager (Male) |
| 21:31 | Construir | Town Center |
| 22:05 | Crear | Villager (Male) |
| 22:06 | Crear | Villager (Male) |
| 22:08 | Crear | Villager (Male) |
| 22:23 | Construir | Farm |
| 22:23 | Construir | Farm |
| 22:24 | Construir | Farm |
| 22:24 | Construir | Farm |
| 22:24 | Construir | Farm |
| 22:25 | Construir | Farm |
| 22:57 | Crear | Villager (Male) |
| 22:58 | Crear | Villager (Male) |
| 23:45 | Construir | Castle |
| 23:52 | Crear | Villager (Male) |
| 23:53 | Crear | Villager (Male) |
| 24:29 | Construir | Barracks |
| 24:39 | Construir | Barracks |
| 24:45 | Construir | Barracks |
| 24:52 | Construir | Barracks |
| 25:03 | Construir | Farm |
| 25:04 | Construir | Farm |
| 25:04 | Construir | Farm |
| 25:04 | Construir | Farm |
| 25:08 | Crear | Villager (Male) |
| 25:08 | Crear | Villager (Male) |
| 25:45 | Construir | Farm |
| 25:45 | Construir | Farm |
| 25:45 | Construir | Farm |
| 25:46 | Construir | Farm |
| 25:49 | Crear | Villager (Male) |
| 25:49 | Crear | Villager (Male) |
| 26:47 | Crear | Villager (Male) |
| 26:48 | Crear | Villager (Male) |
| 26:56 | Crear | Villager (Male) |
| 26:56 | Crear | Villager (Male) |
| 27:07 | Construir | Farm |
| 27:07 | Construir | Farm |
| 27:08 | Construir | Farm |
| 27:08 | Construir | Farm |
| 27:08 | Construir | Farm |
| 27:09 | Construir | Farm |
| 27:30 | Construir | Monastery |
| 27:55 | Construir | Farm |
| 28:05 | Investigar | Wheelbarrow |
| 28:07 | Crear | Villager (Male) |
| 28:17 | Construir | Farm |
| 28:17 | Construir | Farm |
| 28:17 | Construir | Farm |
| 28:18 | Construir | Farm |
| 28:30 | Crear | Villager (Male) |
| 28:31 | Crear | Villager (Male) |
| 28:37 | Crear | Villager (Male) |
| 28:52 | Construir | Lumber Camp |
| 29:02 | Investigar | Heavy Plow |
| 29:09 | Crear | Monk |
| 29:31 | Construir | House |
| 29:32 | Construir | House |
| 29:35 | Construir | House |
| 29:37 | Construir | House |
| 29:41 | Construir | House |
| 29:42 | Construir | House |
| 29:43 | Construir | House |
| 29:45 | Construir | House |
| 29:47 | Construir | House |
| 29:48 | Construir | House |
| 30:02 | Crear | Villager (Male) |
| 30:02 | Crear | Villager (Male) |
| 30:04 | Crear | Villager (Male) |
| 30:12 | Crear | Villager (Male) |
| 30:12 | Crear | Villager (Male) |
| 30:19 | Construir | Farm |
| 30:19 | Construir | Farm |
| 30:19 | Construir | Farm |
| 30:20 | Construir | Farm |
| 30:20 | Construir | Farm |
| 30:21 | Construir | Farm |
| 30:21 | Construir | Farm |
| 30:29 | Crear | Villager (Male) |
| 30:35 | Construir | Farm |
| 30:35 | Construir | Farm |
| 30:36 | Construir | Farm |
| 30:36 | Construir | Farm |
| 30:36 | Construir | Farm |
| 30:36 | Construir | Farm |
| 30:37 | Construir | Farm |
| 30:37 | Construir | Farm |
| 30:38 | Construir | Farm |
| 30:38 | Construir | Farm |
| 30:38 | Construir | Farm |
| 30:39 | Construir | Farm |
| 30:39 | Construir | Farm |
| 30:55 | Crear | Villager (Male) |
| 31:01 | Construir | Farm |
| 31:02 | Construir | Farm |
| 31:02 | Construir | Farm |
| 31:02 | Construir | Farm |
| 31:03 | Construir | Farm |
Build order — P_Larker
Primeras 150 de 311 acciones detectadas
| 0:01 | Crear | Villager (Male) |
| 0:02 | Crear | Villager (Male) |
| 0:02 | Crear | Villager (Male) |
| 0:02 | Crear | Villager (Male) |
| 0:02 | Crear | Villager (Male) |
| 0:45 | Investigar | Loom |
| 1:24 | Crear | Villager (Male) |
| 1:24 | Crear | Villager (Male) |
| 2:04 | Crear | Villager (Male) |
| 2:04 | Crear | Villager (Male) |
| 2:40 | Crear | Villager (Male) |
| 2:46 | Construir | Palisade Wall |
| 3:15 | Crear | Villager (Male) |
| 3:38 | Crear | Villager (Male) |
| 4:14 | Crear | Villager (Male) |
| 4:40 | Crear | Villager (Male) |
| 4:40 | Crear | Villager (Male) |
| 5:17 | Crear | Villager (Male) |
| 5:29 | Crear | Villager (Male) |
| 5:29 | Crear | Villager (Male) |
| 5:37 | Construir | Palisade Wall |
| 5:53 | Crear | Villager (Male) |
| 6:12 | Construir | Mill |
| 6:30 | Construir | Palisade Wall |
| 6:33 | Crear | Villager (Male) |
| 7:13 | Crear | Villager (Male) |
| 7:13 | Crear | Villager (Male) |
| 7:14 | Crear | Villager (Male) |
| 7:45 | Crear | Villager (Male) |
| 7:56 | Construir | Lumber Camp |
| 8:16 | Crear | Villager (Male) |
| 8:39 | Crear | Villager (Male) |
| 9:18 | Construir | Palisade Gate |
| 9:28 | Crear | Villager (Male) |
| 9:56 | Construir | Farm |
| 10:00 | Construir | Farm |
| 10:16 | Investigar | Feudal Age |
| 10:35 | Construir | Farm |
| 10:42 | Crear | Villager (Male) |
| 11:28 | Construir | Barracks |
| 11:36 | Construir | Farm |
| 11:43 | Crear | Villager (Male) |
| 11:43 | Crear | Villager (Male) |
| 11:54 | Construir | Farm |
| 12:06 | Construir | Farm |
| 12:28 | Edad | Edad Feudal |
| 12:43 | Construir | Blacksmith |
| 12:58 | Construir | Farm |
| 13:15 | Construir | Farm |
| 13:16 | Crear | Villager (Male) |
| 13:42 | Construir | Farm |
| 13:42 | Construir | Farm |
| 14:17 | Construir | Stone Wall |
| 14:22 | Crear | Villager (Male) |
| 14:22 | Crear | Villager (Male) |
| 14:31 | Construir | Stable |
| 14:35 | Construir | Farm |
| 14:41 | Investigar | Double-Bit Axe |
| 14:50 | Crear | Spearman |
| 15:10 | Construir | Farm |
| 15:12 | Crear | Villager (Male) |
| 15:20 | Construir | Mining Camp |
| 15:31 | Crear | Villager (Male) |
| 15:38 | Investigar | Horse Collar |
| 15:46 | Investigar | Wheelbarrow |
| 16:17 | Investigar | Gold Mining |
| 16:31 | Construir | Farm |
| 16:36 | Construir | Farm |
| 16:39 | Crear | Villager (Male) |
| 17:08 | Construir | Gate |
| 17:50 | Crear | Villager (Male) |
| 18:04 | Crear | Villager (Male) |
| 18:19 | Construir | Farm |
| 18:21 | Crear | Villager (Male) |
| 18:32 | Construir | Mining Camp |
| 18:50 | Crear | Villager (Male) |
| 18:53 | Construir | Farm |
| 19:08 | Investigar | Castle Age |
| 19:30 | Investigar | Stone Mining |
| 21:16 | Investigar | Scale Barding Armor |
| 21:30 | Crear | Villager (Male) |
| 21:30 | Crear | Villager (Male) |
| 21:41 | Investigar | Bloodlines |
| 22:10 | Edad | Edad de los Castillos |
| 22:15 | Investigar | Heavy Plow |
| 22:18 | Construir | Town Center |
| 22:20 | Investigar | Bow Saw |
| 22:23 | Crear | Villager (Male) |
| 22:32 | Construir | Town Center |
| 22:47 | Crear | Villager (Male) |
| 22:52 | Crear | Villager (Male) |
| 22:53 | Crear | Villager (Male) |
| 22:53 | Crear | Villager (Male) |
| 23:00 | Construir | Farm |
| 23:00 | Construir | Farm |
| 23:00 | Construir | Farm |
| 23:01 | Construir | Farm |
| 23:01 | Construir | Farm |
| 23:16 | Construir | Farm |
| 23:17 | Construir | Farm |
| 23:20 | Crear | Villager (Male) |
| 23:20 | Crear | Villager (Male) |
| 23:26 | Crear | Villager (Male) |
| 23:43 | Crear | Villager (Male) |
| 23:49 | Crear | Villager (Male) |
| 23:50 | Crear | Villager (Male) |
| 23:54 | Crear | Villager (Male) |
| 23:54 | Crear | Villager (Male) |
| 24:03 | Construir | Farm |
| 24:03 | Construir | Farm |
| 24:04 | Construir | Farm |
| 24:04 | Construir | Farm |
| 24:04 | Construir | Farm |
| 24:04 | Construir | Farm |
| 24:09 | Crear | Villager (Male) |
| 24:17 | Crear | Villager (Male) |
| 24:30 | Construir | Town Center |
| 24:36 | Crear | Villager (Male) |
| 24:38 | Crear | Villager (Male) |
| 24:39 | Crear | Villager (Male) |
| 25:02 | Crear | Villager (Male) |
| 25:05 | Crear | Villager (Male) |
| 25:06 | Crear | Villager (Male) |
| 25:18 | Crear | Villager (Male) |
| 25:43 | Investigar | Hand Cart |
| 25:47 | Crear | Villager (Male) |
| 26:01 | Crear | Villager (Male) |
| 26:01 | Crear | Villager (Male) |
| 26:04 | Investigar | Husbandry |
| 26:10 | Crear | Villager (Male) |
| 26:10 | Crear | Villager (Male) |
| 26:21 | Construir | Lumber Camp |
| 26:26 | Crear | Villager (Male) |
| 26:29 | Crear | Villager (Male) |
| 26:36 | Construir | Mining Camp |
| 26:40 | Investigar | Gold Shaft Mining |
| 26:56 | Crear | Villager (Male) |
| 27:00 | Crear | Villager (Male) |
| 27:06 | Crear | Villager (Male) |
| 27:06 | Crear | Villager (Male) |
| 27:19 | Crear | Villager (Male) |
| 27:19 | Crear | Villager (Male) |
| 27:26 | Construir | Monastery |
| 27:30 | Crear | Villager (Male) |
| 27:31 | Crear | Villager (Male) |
| 27:39 | Construir | Mining Camp |
| 27:45 | Crear | Villager (Male) |
| 27:46 | Crear | Villager (Male) |
| 28:01 | Crear | Villager (Male) |
| 28:01 | Crear | Villager (Male) |
Build order — azzyagibasan
Primeras 150 de 181 acciones detectadas
| 0:19 | Construir | House |
| 0:39 | Construir | Palisade Wall |
| 0:46 | Construir | Palisade Wall |
| 1:17 | Crear | Villager (Male) |
| 1:18 | Crear | Villager (Male) |
| 1:18 | Crear | Villager (Male) |
| 1:18 | Crear | Villager (Male) |
| 1:39 | Crear | Villager (Male) |
| 1:39 | Crear | Villager (Male) |
| 3:02 | Construir | House |
| 3:39 | Crear | Villager (Male) |
| 3:39 | Crear | Villager (Male) |
| 3:39 | Crear | Villager (Male) |
| 3:58 | Construir | House |
| 4:11 | Construir | House |
| 4:21 | Construir | House |
| 4:27 | Construir | House |
| 4:35 | Crear | Villager (Male) |
| 4:35 | Crear | Villager (Male) |
| 4:35 | Crear | Villager (Male) |
| 4:54 | Crear | Villager (Male) |
| 5:32 | Crear | Villager (Male) |
| 5:32 | Crear | Villager (Male) |
| 7:29 | Crear | Villager (Male) |
| 7:30 | Crear | Villager (Male) |
| 7:30 | Crear | Villager (Male) |
| 7:38 | Construir | Lumber Camp |
| 8:00 | Crear | Villager (Male) |
| 8:18 | Construir | Palisade Wall |
| 8:34 | Crear | Villager (Male) |
| 8:34 | Crear | Villager (Male) |
| 9:58 | Construir | Palisade Wall |
| 10:15 | Construir | Mill |
| 11:09 | Crear | Villager (Male) |
| 11:09 | Crear | Villager (Male) |
| 12:26 | Construir | Barracks |
| 13:29 | Investigar | Feudal Age |
| 15:09 | Crear | Militia |
| 15:31 | Crear | Militia |
| 15:33 | Edad | Edad Feudal |
| 15:35 | Investigar | Double-Bit Axe |
| 15:38 | Crear | Villager (Male) |
| 15:38 | Crear | Villager (Male) |
| 15:38 | Crear | Villager (Male) |
| 15:54 | Crear | Militia |
| 15:57 | Investigar | Man-at-Arms (upgrade) |
| 16:06 | Construir | Watch Tower |
| 16:14 | Construir | Mining Camp |
| 16:30 | Construir | Mining Camp |
| 16:34 | Crear | Villager (Male) |
| 16:34 | Crear | Villager (Male) |
| 16:41 | Construir | Farm |
| 16:51 | Construir | Farm |
| 16:56 | Crear | Militia |
| 17:06 | Construir | Farm |
| 17:09 | Crear | Villager (Male) |
| 17:10 | Crear | Villager (Male) |
| 17:19 | Construir | Farm |
| 17:23 | Construir | Farm |
| 17:51 | Crear | Villager (Male) |
| 17:51 | Crear | Villager (Male) |
| 17:51 | Crear | Villager (Male) |
| 18:13 | Construir | Stone Wall |
| 18:21 | Construir | Stone Wall |
| 18:27 | Construir | Stone Wall |
| 19:01 | Construir | House |
| 19:03 | Construir | House |
| 19:05 | Construir | House |
| 19:11 | Construir | Farm |
| 19:14 | Investigar | Wheelbarrow |
| 19:19 | Construir | Farm |
| 19:24 | Construir | Farm |
| 19:29 | Construir | Farm |
| 19:34 | Construir | Farm |
| 19:35 | Crear | Villager (Male) |
| 19:36 | Crear | Villager (Male) |
| 20:13 | Construir | Market |
| 20:17 | Construir | Blacksmith |
| 20:20 | Crear | Villager (Male) |
| 20:21 | Crear | Villager (Male) |
| 20:32 | Construir | Farm |
| 20:57 | Crear | Villager (Male) |
| 20:57 | Crear | Villager (Male) |
| 21:00 | Crear | Militia |
| 21:25 | Construir | Farm |
| 21:31 | Construir | Farm |
| 21:59 | Construir | Farm |
| 22:33 | Construir | Farm |
| 22:36 | Investigar | Arson |
| 22:40 | Crear | Militia |
| 22:40 | Crear | Militia |
| 22:52 | Crear | Villager (Male) |
| 22:52 | Crear | Villager (Male) |
| 23:32 | Construir | Farm |
| 23:40 | Construir | Lumber Camp |
| 24:04 | Construir | Farm |
| 24:37 | Investigar | Castle Age |
| 24:42 | Crear | Spearman |
| 24:43 | Crear | Militia |
| 24:48 | Crear | Militia |
| 25:25 | Crear | Militia |
| 25:27 | Investigar | Forging |
| 25:31 | Investigar | Scale Mail Armor |
| 25:53 | Crear | Militia |
| 25:56 | Crear | Militia |
| 26:11 | Investigar | Forging |
| 26:15 | Investigar | Padded Archer Armor |
| 26:24 | Construir | House |
| 26:25 | Construir | House |
| 26:36 | Construir | House |
| 26:37 | Construir | House |
| 27:02 | Edad | Edad de los Castillos |
| 27:04 | Investigar | Bow Saw |
| 27:06 | Investigar | Horse Collar |
| 27:18 | Investigar | Hand Cart |
| 27:41 | Construir | Castle |
| 27:45 | Construir | Farm |
| 28:03 | Construir | Farm |
| 28:08 | Construir | Farm |
| 28:18 | Investigar | Iron Casting |
| 28:29 | Crear | Villager (Male) |
| 28:29 | Crear | Villager (Male) |
| 28:29 | Crear | Villager (Male) |
| 28:59 | Construir | Farm |
| 29:02 | Crear | Villager (Male) |
| 29:02 | Crear | Villager (Male) |
| 29:11 | Investigar | Heavy Plow |
| 29:22 | Investigar | Gold Mining |
| 29:40 | Crear | Villager (Male) |
| 29:43 | Crear | Villager (Male) |
| 30:04 | Crear | Villager (Male) |
| 30:40 | Construir | Town Center |
| 30:45 | Investigar | Long Swordsman (upgrade) |
| 30:48 | Investigar | Gambesons |
| 30:50 | Investigar | Pikeman (upgrade) |
| 31:00 | Investigar | Squires |
| 31:07 | Crear | Villager (Male) |
| 31:07 | Crear | Villager (Male) |
| 31:08 | Crear | Villager (Male) |
| 31:19 | Construir | Farm |
| 31:35 | Crear | Villager (Male) |
| 31:35 | Crear | Villager (Male) |
| 31:35 | Crear | Villager (Male) |
| 31:49 | Crear | Trade Cart |
| 31:50 | Crear | Trade Cart |
| 32:04 | Construir | Farm |
| 32:06 | Crear | Villager (Male) |
| 32:06 | Crear | Villager (Male) |
| 32:07 | Crear | Villager (Male) |
| 32:07 | Crear | Villager (Male) |
Build order — Jx
Primeras 150 de 371 acciones detectadas
| 0:01 | Crear | Villager (Male) |
| 0:02 | Investigar | Loom |
| 0:08 | Construir | House |
| 0:11 | Construir | House |
| 0:31 | Crear | Villager (Male) |
| 0:32 | Crear | Villager (Male) |
| 0:32 | Crear | Villager (Male) |
| 0:32 | Crear | Villager (Male) |
| 0:40 | Construir | Lumber Camp |
| 0:40 | Construir | Lumber Camp |
| 1:51 | Crear | Villager (Male) |
| 2:34 | Crear | Villager (Male) |
| 2:34 | Crear | Villager (Male) |
| 2:56 | Crear | Villager (Male) |
| 2:56 | Crear | Villager (Male) |
| 3:05 | Construir | House |
| 3:06 | Construir | House |
| 3:07 | Construir | House |
| 3:07 | Construir | House |
| 3:21 | Construir | House |
| 3:22 | Construir | House |
| 3:25 | Crear | Villager (Male) |
| 3:25 | Crear | Villager (Male) |
| 3:35 | Crear | Villager (Male) |
| 3:35 | Crear | Villager (Male) |
| 4:10 | Construir | Palisade Gate |
| 4:13 | Crear | Villager (Male) |
| 4:13 | Crear | Villager (Male) |
| 4:24 | Construir | House |
| 4:24 | Construir | House |
| 4:43 | Crear | Villager (Male) |
| 4:43 | Crear | Villager (Male) |
| 4:46 | Crear | Villager (Male) |
| 4:47 | Crear | Villager (Male) |
| 5:24 | Crear | Villager (Male) |
| 5:25 | Crear | Villager (Male) |
| 5:25 | Crear | Villager (Male) |
| 5:30 | Construir | House |
| 5:34 | Construir | House |
| 5:35 | Construir | House |
| 6:06 | Crear | Villager (Male) |
| 6:06 | Crear | Villager (Male) |
| 6:18 | Crear | Villager (Male) |
| 6:19 | Crear | Villager (Male) |
| 6:28 | Construir | Mill |
| 6:55 | Crear | Villager (Male) |
| 7:18 | Crear | Villager (Male) |
| 7:18 | Crear | Villager (Male) |
| 7:18 | Crear | Villager (Male) |
| 7:48 | Construir | Palisade Gate |
| 7:58 | Crear | Villager (Male) |
| 7:58 | Crear | Villager (Male) |
| 7:59 | Crear | Villager (Male) |
| 7:59 | Crear | Villager (Male) |
| 8:31 | Construir | Mill |
| 8:31 | Construir | Mill |
| 8:35 | Construir | House |
| 8:36 | Construir | House |
| 8:39 | Crear | Villager (Male) |
| 8:39 | Crear | Villager (Male) |
| 9:17 | Construir | Mining Camp |
| 9:20 | Crear | Villager (Male) |
| 9:20 | Crear | Villager (Male) |
| 9:25 | Construir | Farm |
| 9:33 | Construir | Farm |
| 9:38 | Crear | Villager (Male) |
| 9:38 | Crear | Villager (Male) |
| 9:38 | Crear | Villager (Male) |
| 9:40 | Crear | Villager (Male) |
| 9:40 | Crear | Villager (Male) |
| 9:40 | Crear | Villager (Male) |
| 9:44 | Construir | House |
| 9:44 | Construir | House |
| 10:03 | Crear | Villager (Male) |
| 10:03 | Crear | Villager (Male) |
| 10:19 | Construir | Outpost |
| 10:21 | Construir | Outpost |
| 10:25 | Construir | Outpost |
| 10:30 | Construir | Outpost |
| 10:32 | Construir | Outpost |
| 10:35 | Construir | Farm |
| 10:47 | Construir | Farm |
| 10:49 | Crear | Villager (Male) |
| 10:50 | Crear | Villager (Male) |
| 11:00 | Crear | Villager (Male) |
| 11:08 | Construir | Farm |
| 11:31 | Construir | Farm |
| 11:55 | Construir | Mining Camp |
| 12:55 | Construir | Mill |
| 13:00 | Investigar | Feudal Age |
| 13:51 | Construir | House |
| 13:51 | Construir | House |
| 14:30 | Construir | House |
| 14:44 | Construir | Mill |
| 14:44 | Construir | Mill |
| 15:26 | Construir | House |
| 15:40 | Edad | Edad Feudal |
| 15:41 | Investigar | Wheelbarrow |
| 15:41 | Investigar | Town Watch |
| 15:42 | Crear | Villager (Male) ×5 |
| 15:47 | Investigar | Double-Bit Axe |
| 15:47 | Investigar | Horse Collar |
| 16:00 | Construir | Stone Wall |
| 17:27 | Investigar | Castle Age |
| 17:46 | Construir | Lumber Camp |
| 17:46 | Construir | Lumber Camp |
| 17:54 | Construir | Farm |
| 18:37 | Construir | Farm |
| 18:43 | Construir | Farm |
| 19:08 | Construir | Stone Wall |
| 19:09 | Construir | Stone Wall |
| 19:10 | Construir | Stone Wall |
| 19:14 | Construir | Gate |
| 19:16 | Construir | Farm |
| 19:47 | Construir | Farm |
| 20:58 | Construir | House |
| 21:01 | Construir | Mining Camp |
| 21:20 | Crear | Villager (Male) |
| 21:21 | Crear | Villager (Male) |
| 21:21 | Crear | Villager (Male) |
| 21:55 | Construir | House |
| 22:06 | Edad | Edad de los Castillos |
| 22:10 | Construir | Castle |
| 22:20 | Construir | Town Center |
| 22:34 | Construir | Town Center |
| 22:43 | Construir | Gate |
| 22:50 | Investigar | Hand Cart |
| 23:17 | Crear | Villager (Male) ×5 |
| 23:23 | Crear | Villager (Male) ×5 |
| 23:28 | Crear | Villager (Male) ×5 |
| 23:49 | Construir | Lumber Camp |
| 24:10 | Construir | Stone Wall |
| 24:15 | Construir | Gate |
| 24:18 | Crear | Villager (Male) |
| 24:19 | Crear | Villager (Male) |
| 24:20 | Crear | Villager (Male) |
| 24:20 | Crear | Villager (Male) |
| 24:43 | Construir | Town Center |
| 24:50 | Construir | Farm |
| 24:59 | Investigar | Bow Saw |
| 25:01 | Crear | Villager (Male) |
| 25:01 | Crear | Villager (Male) |
| 25:03 | Crear | Villager (Male) |
| 25:04 | Crear | Villager (Male) |
| 25:05 | Crear | Villager (Male) |
| 25:07 | Investigar | Heavy Plow |
| 25:15 | Construir | Farm |
| 25:38 | Crear | Villager (Male) |
| 25:41 | Crear | Villager (Male) |
| 25:43 | Construir | Farm |
Build order — DenaZ
Primeras 150 de 383 acciones detectadas
| 0:04 | Crear | Villager (Male) |
| 0:05 | Crear | Villager (Male) |
| 0:05 | Crear | Villager (Male) |
| 0:05 | Crear | Villager (Male) |
| 0:06 | Crear | Villager (Male) |
| 0:09 | Construir | House |
| 0:10 | Construir | House |
| 0:14 | Construir | House |
| 2:12 | Crear | Villager (Male) |
| 2:12 | Crear | Villager (Male) |
| 2:44 | Crear | Villager (Male) |
| 2:45 | Crear | Villager (Male) |
| 3:02 | Construir | Lumber Camp |
| 3:07 | Crear | Villager (Male) |
| 3:46 | Crear | Villager (Male) |
| 3:46 | Crear | Villager (Male) |
| 4:26 | Crear | Villager (Male) |
| 4:26 | Crear | Villager (Male) |
| 4:50 | Construir | Mill |
| 5:18 | Crear | Villager (Male) |
| 5:18 | Crear | Villager (Male) |
| 6:11 | Crear | Villager (Male) |
| 6:11 | Crear | Villager (Male) |
| 6:26 | Construir | House |
| 6:27 | Construir | House |
| 6:29 | Construir | House |
| 6:29 | Construir | House |
| 6:30 | Construir | House |
| 6:31 | Construir | House |
| 6:35 | Crear | Villager (Male) |
| 6:35 | Crear | Villager (Male) |
| 6:35 | Crear | Villager (Male) |
| 7:26 | Crear | Villager (Male) |
| 7:26 | Crear | Villager (Male) |
| 8:19 | Crear | Villager (Male) |
| 8:19 | Crear | Villager (Male) |
| 8:41 | Crear | Villager (Male) |
| 8:41 | Crear | Villager (Male) |
| 8:47 | Crear | Villager (Male) |
| 9:15 | Construir | Barracks |
| 9:19 | Crear | Villager (Male) |
| 9:20 | Crear | Villager (Male) |
| 9:32 | Crear | Villager (Male) |
| 9:33 | Crear | Villager (Male) |
| 9:33 | Crear | Villager (Male) |
| 9:54 | Construir | Farm |
| 9:54 | Construir | Farm |
| 10:26 | Crear | Militia |
| 10:27 | Crear | Militia |
| 10:36 | Crear | Villager (Male) |
| 10:45 | Construir | Mining Camp |
| 11:12 | Crear | Militia |
| 11:38 | Crear | Villager (Male) |
| 11:44 | Construir | Farm |
| 11:44 | Construir | Farm |
| 11:44 | Construir | Farm |
| 11:45 | Construir | Farm |
| 11:45 | Construir | Farm |
| 11:46 | Construir | Farm |
| 11:46 | Construir | Farm |
| 11:47 | Construir | Farm |
| 11:47 | Construir | Farm |
| 11:47 | Construir | Farm |
| 11:48 | Construir | Farm |
| 11:48 | Construir | Farm |
| 11:48 | Construir | Farm |
| 11:49 | Construir | Farm |
| 11:49 | Construir | Farm |
| 11:49 | Construir | Farm |
| 11:49 | Construir | Farm |
| 11:50 | Construir | Farm |
| 11:50 | Construir | Farm |
| 11:50 | Construir | Farm |
| 11:51 | Construir | Farm |
| 11:51 | Construir | Farm |
| 11:51 | Construir | Farm |
| 11:52 | Construir | Farm |
| 11:52 | Construir | Farm |
| 12:31 | Construir | Lumber Camp |
| 12:41 | Construir | Palisade Wall |
| 12:47 | Construir | Palisade Wall |
| 12:47 | Construir | Palisade Wall |
| 13:01 | Crear | Villager (Male) |
| 13:01 | Crear | Villager (Male) |
| 13:02 | Investigar | Feudal Age |
| 13:12 | Crear | Villager (Male) |
| 13:21 | Crear | Militia |
| 13:21 | Crear | Militia |
| 14:19 | Crear | Militia |
| 14:19 | Crear | Militia |
| 14:32 | Construir | Mill |
| 14:46 | Construir | Farm |
| 14:46 | Construir | Farm |
| 14:46 | Construir | Farm |
| 15:16 | Crear | Villager (Male) |
| 15:16 | Crear | Villager (Male) |
| 15:28 | Edad | Edad Feudal |
| 16:02 | Crear | Militia |
| 16:02 | Crear | Militia |
| 16:15 | Construir | Farm |
| 16:23 | Construir | Market |
| 16:30 | Construir | Blacksmith |
| 16:38 | Crear | Villager (Male) |
| 16:39 | Crear | Villager (Male) |
| 17:18 | Crear | Villager (Male) |
| 17:19 | Crear | Villager (Male) |
| 17:33 | Crear | Villager (Male) |
| 17:34 | Crear | Villager (Male) |
| 17:36 | Construir | Farm |
| 18:30 | Investigar | Castle Age |
| 18:30 | Investigar | Castle Age |
| 18:39 | Crear | Militia |
| 19:05 | Construir | Mining Camp |
| 19:27 | Investigar | Double-Bit Axe |
| 19:30 | Investigar | Horse Collar |
| 20:21 | Crear | Villager (Male) |
| 20:21 | Crear | Villager (Male) |
| 20:50 | Crear | Villager (Male) |
| 21:10 | Investigar | Forging |
| 21:11 | Investigar | Scale Barding Armor |
| 21:20 | Edad | Edad de los Castillos |
| 21:23 | Construir | Town Center |
| 21:35 | Crear | Villager (Male) |
| 21:35 | Crear | Villager (Male) |
| 21:41 | Construir | Farm |
| 21:41 | Construir | Farm |
| 21:41 | Construir | Farm |
| 21:51 | Construir | Farm |
| 21:51 | Construir | Farm |
| 21:51 | Construir | Farm |
| 21:52 | Construir | Farm |
| 22:14 | Construir | Town Center |
| 22:22 | Investigar | Iron Casting |
| 22:30 | Crear | Villager (Male) ×4 |
| 22:36 | Construir | Farm |
| 23:12 | Crear | Villager (Male) |
| 23:13 | Crear | Villager (Male) |
| 23:37 | Construir | Farm |
| 23:37 | Construir | Farm |
| 23:38 | Construir | Farm |
| 23:38 | Construir | Farm |
| 23:44 | Investigar | Chain Barding Armor |
| 23:54 | Crear | Villager (Male) |
| 23:54 | Crear | Villager (Male) |
| 23:58 | Crear | Villager (Male) |
| 23:58 | Crear | Villager (Male) |
| 24:04 | Construir | House |
| 24:04 | Construir | House |
| 24:05 | Construir | House |
| 24:05 | Construir | House |
Cronología de la partida
| 0:39 | azzyagibasan · wall_segment Palisade Wall x12 |
| 0:46 | azzyagibasan · wall_segment Palisade Wall x11 |
| 1:29 | Bussies · wall_segment Palisade Wall x10 |
| 2:20 | Bussies · wall_segment Palisade Wall x5 |
| 2:28 | Kanye Best · wall_segment Palisade Wall x5 |
| 2:31 | Kanye Best · wall_segment Palisade Wall x2 |
| 2:32 | Bussies · wall_segment Palisade Wall x15 |
| 2:46 | P_Larker · wall_segment Palisade Wall x8 |
| 3:23 | Kanye Best · wall_segment Palisade Wall x15 |
| 3:28 | WallDestroyer · wall_segment Palisade Wall x2 |
| 4:46 | Kanye Best · wall_segment Palisade Wall x1 |
| 5:37 | P_Larker · wall_segment Palisade Wall x9 |
| 6:30 | P_Larker · wall_segment Palisade Wall x9 |
| 7:46 | Kanye Best · wall_segment Palisade Wall x1 |
| 7:51 | Kanye Best · wall_segment Palisade Wall x1 |
| 8:18 | azzyagibasan · wall_segment Palisade Wall x11 |
| 8:45 | Bussies · first_building Barracks |
| 9:15 | DenaZ · first_building Barracks |
| 9:37 | Kanye Best · wall_segment Palisade Wall x1 |
| 9:41 | Kanye Best · wall_segment Palisade Wall x1 |
| 9:43 | Kanye Best · wall_segment Palisade Wall x1 |
| 9:48 | Kanye Best · wall_segment Palisade Wall x1 |
| 9:50 | Kanye Best · wall_segment Palisade Wall x1 |
| 9:55 | Kanye Best · wall_segment Palisade Wall x1 |
| 9:58 | azzyagibasan · wall_segment Palisade Wall x11 |
| 9:58 | WallDestroyer · wall_segment Palisade Wall x1 |
| 11:28 | P_Larker · first_building Barracks |
| 11:36 | Kanye Best · wall_segment Palisade Wall x6 |
| 12:26 | azzyagibasan · first_building Barracks |
| 12:28 | P_Larker · age_up feudal |
| 12:41 | DenaZ · wall_segment Palisade Wall x5 |
| 12:47 | DenaZ · wall_segment Palisade Wall x3 |
| 12:47 | DenaZ · wall_segment Palisade Wall x1 |
| 12:52 | Kanye Best · wall_segment Palisade Wall x2 |
| 13:09 | Kanye Best · wall_segment Palisade Wall x5 |
| 14:15 | Chakal09 · age_up feudal |
| 14:17 | Kanye Best · wall_segment Palisade Wall x1 |
| 14:17 | P_Larker · wall_segment Stone Wall x11 |
| 14:23 | Kanye Best · wall_segment Palisade Wall x7 |
| 14:31 | P_Larker · first_building Stable |
| 14:45 | Kanye Best · wall_segment Palisade Wall x8 |
| 15:18 | WallDestroyer · wall_segment Palisade Wall x2 |
| 15:28 | DenaZ · age_up feudal |
| 15:33 | azzyagibasan · age_up feudal |
| 15:40 | Jx · age_up feudal |
| 16:00 | Jx · wall_segment Stone Wall x10 |
| 16:29 | Chakal09 · first_building Barracks |
| 16:31 | Kanye Best · first_building Barracks |
| 17:36 | Kanye Best · age_up feudal |
| 18:09 | Bussies · age_up feudal |
| 18:13 | azzyagibasan · wall_segment Stone Wall x5 |
| 18:21 | azzyagibasan · wall_segment Stone Wall x10 |
| 18:27 | azzyagibasan · wall_segment Stone Wall x1 |
| 18:38 | Kanye Best · first_building Archery Range |
| 19:08 | Jx · wall_segment Stone Wall x5 |
| 19:09 | Jx · wall_segment Stone Wall x1 |
| 19:10 | Jx · wall_segment Stone Wall x7 |
| 19:55 | Chakal09 · age_up castle |
| 21:20 | DenaZ · age_up castle |
| 21:46 | Bussies · wall_segment Stone Wall x4 |
| 21:55 | Kanye Best · wall_segment Stone Wall x15 |
| 22:06 | Jx · age_up castle |
| 22:10 | P_Larker · age_up castle |
| 22:10 | Jx · first_building Castle |
| 22:19 | WallDestroyer · age_up feudal |
| 22:51 | Bussies · first_market_buy 100 food |
| 23:07 | WallDestroyer · first_building Barracks |
| 23:42 | Kanye Best · first_building Stable |
| 23:45 | Chakal09 · first_building Castle |
| 24:10 | Jx · wall_segment Stone Wall x11 |
| 24:24 | WallDestroyer · first_building Stable |
| 24:31 | azzyagibasan · first_market_sell 100 wood |
| 24:36 | azzyagibasan · first_market_buy 100 food |
| 24:47 | DenaZ · first_building Stable |
| 24:55 | Bussies · wall_segment Stone Wall x4 |
| 25:29 | Bussies · first_market_sell 100 wood |
| 25:52 | Bussies · age_up castle |
| 26:01 | Bussies · first_building Castle |
| 26:02 | Kanye Best · wall_segment Stone Wall x10 |
| 26:21 | Kanye Best · wall_segment Stone Wall x7 |
| 26:45 | Jx · first_building Stable |
| 26:57 | DenaZ · first_building Castle |
| 27:02 | azzyagibasan · age_up castle |
| 27:26 | P_Larker · first_building Monastery |
| 27:30 | Chakal09 · first_building Monastery |
| 27:41 | azzyagibasan · first_building Castle |
| 28:13 | Jx · first_building Siege Workshop |
| 28:20 | P_Larker · first_building Castle |
| 28:42 | DenaZ · first_building Monastery |
| 28:46 | Kanye Best · wall_segment Stone Wall x10 |
| 30:16 | Jx · wall_segment Stone Wall x13 |
| 30:27 | Jx · first_building Monastery |
| 31:12 | Kanye Best · wall_segment Stone Wall x9 |
| 31:19 | DenaZ · first_market_sell 100 wood |
| 31:20 | DenaZ · first_market_buy 100 food |
| 31:42 | Kanye Best · age_up castle |
| 32:04 | Kanye Best · first_building Castle |
| 32:13 | WallDestroyer · first_building Archery Range |
| 33:45 | WallDestroyer · wall_segment Stone Wall x5 |
| 34:13 | WallDestroyer · wall_segment Stone Wall x3 |
| 34:18 | WallDestroyer · age_up castle |
| 34:23 | DenaZ · age_up imperial |
| 34:53 | Kanye Best · resign |
| 35:11 | Jx · age_up imperial |
| 36:02 | Chakal09 · age_up imperial |
| 36:04 | Bussies · age_up imperial |
| 37:18 | Jx · wall_segment Stone Wall x4 |
| 38:01 | WallDestroyer · first_building Castle |
| 38:43 | Jx · first_market_sell 500 food |
| 41:57 | Jx · first_market_buy 100 stone |
| 42:20 | P_Larker · age_up imperial |
[ ANÁLISIS IA · 1 CRÉDITO ]
¿Qué pasó realmente en esta partida?
Wolo.gg analiza cada decisión: build order, eco, micro, errores típicos por bracket. Análisis personalizado por WhatsApp o Discord en 30 segundos.
Guía civ
Jemeres
Guía mapa
Black Forest
Perfil
Kanye Best